 Dungeon Crawl Stone Soup version 0.22.1-5-g62c59d9 (webtiles) character file.

9312 systemy the Cleaver (level 11, -6/97 HPs)
             Began as a Minotaur Berserker on Jan 13, 2019.
             Was a High Priest of Trog.
             Mangled by a komodo dragon (9 damage)
             ... on level 10 of the Dungeon.
             The game lasted 00:17:54 (9232 turns).

systemy the Cleaver (Minotaur Berserker)            Turns: 9232, Time: 00:17:54

Health: -6/97      AC: 21    Str: 23    XL:     11   Next: 21%
Magic:  10/10      EV:  7    Int:  4    God:    Trog [*****.]
Gold:   559        SH: 10    Dex: 10    Spells: 10/10 levels left

rFire    . . .     SeeInvis +   q - +2 hand axe (vamp)
rCold    . . .     Gourm    .   j - +0 shield
rNeg     . . .     Faith    .   l - +1 plate armour
rPois    .         Spirit   .   (helmet restricted)
rElec    .         Reflect  .   N - +0 cloak
rCorr    .         Harm     .   F - +2 pair of gloves
MR       .....                  (no boots)
Stlth    ..........             (no amulet)
HPRegen  0.26/turn              (no ring)
MPRegen  0.12/turn              H - ring of see invisible

@: no status effects
A: retaliatory headbutt, claws 1, horns 2, weak 1
a: Berserk, Trog's Hand, Brothers in Arms, Renounce Religion


You were on level 10 of the Dungeon.
You worshipped Trog.
Trog was extremely pleased with you.
You were near starving.

You visited 1 branch of the dungeon, and saw 10 of its levels.

You collected 559 gold pieces.

Inventory:

Hand Weapons
 q - a +2 vampiric hand axe (weapon)
Armour
 j - a +0 shield (worn)
 l - a +1 plate armour (worn)
 F - a +2 pair of gloves (worn)
 G - a +0 buckler
 N - a +0 cloak (worn)
Jewellery
 b - an uncursed amulet of magic regeneration {unknown}
 H - a ring of see invisible (right hand)
Scrolls
 a - a scroll of fear
 e - 3 scrolls of identify
 f - 3 scrolls of teleportation
 h - 7 scrolls of remove curse
 t - 3 scrolls of enchant armour
Potions
 d - 3 potions of curing {unknown}
 g - 2 potions of berserk rage
 i - 4 potions of heal wounds
 r - a potion of haste
 s - 4 potions of flight
 J - 2 potions of magic
Comestibles
 c - 9 rations


   Skills:
 + Level 9.5 Fighting
 + Level 13.3 Axes
 + Level 11.9 Armour
 + Level 3.6 Dodging
 * Level 6.0 Shields


You had 10 spell levels left.
You didn't know any spells.
Your spell library was empty.

Dungeon Overview and Level Annotations

Branches:
Dungeon (10/15)            Temple (0/1) D:4            Lair (0/6) D:10
    Orc: D:9-12

Altars:
Cheibriados
Okawaru
Sif Muna
Vehumet
Wu Jian

Shops:
D:4 :   D:6 [


Innate Abilities, Weirdness & Mutations

You reflexively headbutt those who attack you in melee.
You have a pair of horns on your head.
You have sharp fingernails.
You are weak. (Str -2)


Message History

The komodo dragon is moderately wounded.
Okay, then.
You slash the komodo dragon!
You feel better.
Your headbutt misses the komodo dragon.
The komodo dragon is heavily wounded.
You block the komodo dragon's attack.
You barely miss the komodo dragon.
The komodo dragon is heavily wounded.
The komodo dragon bites you!!
* * * LOW HITPOINT WARNING * * *
You closely miss the komodo dragon.
The komodo dragon is heavily wounded.
You block the komodo dragon's attack.
You closely miss the komodo dragon. Your headbutt misses the komodo dragon.
The komodo dragon is heavily wounded.
Your plate armour prevents you from hitting the komodo dragon.
You headbutt the komodo dragon!
The komodo dragon is severely wounded.
The komodo dragon bites you!
You die...

#'## ###..#### ... ##..(.# .
##.###### #######(####### ..#
#.......# #..(..(......## ....#
##......# #.....(......#. .....#
##.))..# #.....†(......(
......####....####.............#
........##(..†##...........)...#
.......))(...tl@.#............##
#......)))..t#######.##########
#.....)......# #.# #
#..#..†)...### #.#
.......P..P.†P# #.#
.....P...)PP..P.# #.#


PP..P.PP.PPPP....P# #.# P.......P.P.PPP...# #+# ..P.P...PP.F...PP.. You could
see a komodo dragon and 2 crocodiles.

Vanquished Creatures
  Harold (D:7)
  A two-headed ogre (D:8)
  An unseen horror (D:10)
  Pikel (D:8)
  Maurice (D:8)
  Joseph (D:7)
  Prince Ribbit (D:8)
  A troll (D:10)
  A hippogriff (D:7)
  2 yaks (D:10)
  A steam dragon (D:8)
  A hungry ghost (D:7)
  2 insubstantial wisps (D:8)
  A naga (shapeshifter) (D:9)
  2 porcupines (D:10)
  2 orc warriors
  A black bear (D:10)
  3 ice beasts
  3 sky beasts
  A phantom (D:6)
  6 ogres
  A necrophage (D:5)
  4 centaurs
  A crocodile (D:8)
  3 big kobolds
  3 bullfrogs
  A water moccasin zombie (D:10)
  A gnoll sergeant (D:7)
  4 scorpions
  9 killer bees
  4 wights (D:9)
  3 howler monkeys (D:9)
  4 crimson imps
  A jelly (D:8)
  4 orc priests
  6 hounds
  10 orc wizards
  4 bullfrog skeletons
  A centaur skeleton (D:10)
  4 iguanas
  7 worker ants
  A worker ant zombie (D:9)
  Robin (D:3)
  A howler monkey skeleton (D:8)
  4 gnolls (D:7)
  6 adders
  3 shadow imps
  An adder skeleton (D:4)
  An adder zombie (D:9)
  2 worms
  3 dart slugs (D:1)
  A leopard gecko (D:4)
  54 orcs
  2 ball pythons
  6 bats
  5 giant cockroaches
  7 goblins
  4 hobgoblins
  9 jackals
  A quokka (D:9)
  3 frilled lizards
  A jackal zombie (D:6)
  16 kobolds
  A leopard gecko skeleton (D:4)
  2 quokka skeletons
  9 rats
  2 fungi (D:10)
255 creatures vanquished.

Vanquished Creatures (others)
  A sky beast (D:8)
  4 slaves (D:8)
  A bullfrog (D:8)
  15 fungi (D:10)
  3 plants (D:10)
24 creatures vanquished.

Grand Total: 279 creatures vanquished

Notes
Turn   | Place    | Note
-------+----------+-------------------------------------------
     0 | D:1      | systemy the Minotaur Berserker began the quest for the Orb.
     0 | D:1      | Reached XP level 1. HP: 19/19 MP: 0/0
   229 | D:1      | Reached skill level 4 in Axes
   229 | D:1      | Reached XP level 2. HP: 27/27 MP: 1/1
   764 | D:2      | Reached XP level 3. HP: 18/33 MP: 2/2
  1376 | D:2      | Reached ** piety under Trog
  1792 | D:3      | Reached skill level 5 in Axes
  1792 | D:3      | Reached XP level 4. HP: 37/41 MP: 3/3
  2009 | D:3      | Reached XP level 5. HP: 47/47 MP: 4/4
  2272 | D:3      | Noticed Robin
  2288 | D:3      | Killed Robin
  2690 | D:4      | Reached skill level 5 in Fighting
  2690 | D:4      | Reached skill level 6 in Axes
  2690 | D:4      | Reached XP level 6. HP: 31/56 MP: 5/5
  3056 | D:4      | Found Nurokhau's Book Emporium.
  3135 | D:4      | Found a staircase to the Ecumenical Temple.
  3845 | D:5      | Entered Level 5 of the Dungeon
  4210 | D:5      | Reached skill level 7 in Axes
  4227 | D:5      | Reached skill level 5 in Armour
  4227 | D:5      | Reached XP level 7. HP: 46/61 MP: 6/6
  4276 | D:5      | Reached *** piety under Trog
  4438 | D:5      | Reached skill level 8 in Axes
  4461 | D:5      | Found an iron altar of Okawaru.
  4594 | D:6      | Reached XP level 8. HP: 67/70 MP: 7/7
  4647 | D:6      | Reached skill level 9 in Axes
  4679 | D:6      | Found Celavas's Antique Armour Shop.
  4688 | D:6      | Found an ornate altar of the Wu Jian Council.
  4836 | D:6      | Got a scintillating copper ring
  5220 | D:7      | Found a snail-covered altar of Cheibriados.
  5244 | D:6      | HP: 3/71 [killer bee (3)]
  5508 | D:7      | Reached skill level 10 in Axes
  5907 | D:7      | Noticed Harold
  5921 | D:7      | Killed Harold
  5921 | D:7      | Reached skill level 11 in Axes
  5921 | D:7      | Reached XP level 9. HP: 79/79 MP: 8/8
  6316 | D:7      | Noticed Joseph
  6331 | D:7      | Killed Joseph
  6522 | D:8      | Noticed Prince Ribbit
  6570 | D:8      | Noticed Maurice
  6581 | D:8      | Reached skill level 1 in Shields
  6581 | D:8      | Reached skill level 10 in Armour
  6587 | D:8      | Reached **** piety under Trog
  6602 | D:8      | Killed Maurice
  6602 | D:8      | Reached XP level 10. HP: 49/88 MP: 9/9
  6887 | D:8      | Noticed a two-headed ogre
  6901 | D:8      | Killed a two-headed ogre
  6901 | D:8      | Reached skill level 12 in Axes
  7536 | D:8      | Noticed Pikel
  7549 | D:8      | Killed Pikel
  7770 | D:8      | Found a deep blue altar of Sif Muna.
  8136 | D:8      | Killed Prince Ribbit
  8266 | D:8      | Gained mutation: You are weak. (Str -2) [potion of
                  | mutation]
  8266 | D:8      | Gained mutation: You have sharp fingernails. [potion of
                  | mutation]
  8488 | D:9      | Reached ***** piety under Trog
  8905 | D:9      | Identified the cursed ring "Cos Oti" {+Blink rF+ rC+ AC-3
                  | Int-3} (You found it on level 6 of the Dungeon)
  8911 | D:10     | Entered Level 10 of the Dungeon
  9019 | D:10     | Found a radiant altar of Vehumet.
  9113 | D:10     | Reached skill level 13 in Axes
  9113 | D:10     | Reached XP level 11. HP: 97/97 MP: 10/10
  9137 | D:10     | Reached skill level 5 in Shields
  9157 | D:10     | Found a staircase to the Lair.
  9167 | D:10     | Noticed an unseen horror
  9214 | D:10     | Killed an unseen horror
  9229 | D:10     | HP: 2/97 [komodo dragon (20)]
  9232 | D:10     | Mangled by a komodo dragon

Skill      XL: |  1  2  3  4  5  6  7  8  9 10 11 |
---------------+----------------------------------+-----
Axes           | 4 5 6 7 8 11 13 | 13.3
Fighting       | 4 5 7 8 9 |  9.5
Armour         | 3 4 5 6 8 10 11 | 11.9
Dodging        | 3 |  3.6
Shields        | 1 4 6 |  6.0

Action                   |  1- 3 |  4- 6 |  7- 9 | 10-12 || total
-------------------------+-------+-------+-------+-------++-------
Melee: Hand axe          |    90 |   144 |   262 |   354 ||   850
       Headbutt          |    12 |    34 |    46 |    72 ||   164
Invok: Berserk           |       |     1 |     2 |     3 ||     6
       Trog's Hand       |       |       |     1 |       ||     1
  Use: Scroll            |       |       |       |    17 ||    17
       Potion            |       |       |       |     4 ||     4
  Eat: Chunk             |     2 |     6 |     7 |     6 ||    21
       Ration            |       |     2 |     2 |     1 ||     5
Armor: Animal skin       |    11 |       |       |       ||    11
       Ring mail         |    16 |       |       |       ||    16
       Plate armour      |     4 |    64 |   122 |   193 ||   383
Dodge: Dodged            |    48 |    40 |    88 |    86 ||   262
Block: Buckler           |       |       |    10 |    27 ||    37
       Shield            |       |       |       |    62 ||    62
